Workbook

Sheet R&P Accounts
B1: Enter charity name below | L1: Enter SC No. below
B2: High Blantyre Baptist Church | L2: SC052120
B3: Receipts and payments accounts
B4: For the period from | D4: Period start date | G4: to | H4: Period end date
A8: Section A Statement of receipts and payments
B9: Unrestricted funds | D9: Restricted funds | F9: Expendable endowment funds | H9: Permanent endowment funds | J9: Total funds current period | L9: Total funds last period
B10: to nearest £ | D10: to nearest £ | F10: to nearest £ | H10: to nearest £ | J10: to nearest £ | L10: to nearest £
A11: A1 Receipts
A12: Donations | B12: 37501 | J12: 37501 | L12: 40554
A13: Legacies
A14: Grants
A15: Receipts from fundraising activities
A16: Gross trading receipts
A17: Income from investments other than land and buildings
A18: Rents from land & buildings
A19: Gross receipts from other charitable activities | B19: 775 | D19: 0 | J19: =SUM(B19:I19) -> 775 | L19: 535
A21: A1 Sub total | B21: =SUM(B12:B20) -> 38276 | D21: =SUM(D12:D20) -> 0 | J21: =SUM(J12:J20) -> 38276 | L21: =SUM(L12:L20) -> 41089
J22: =IF(B21+D21+F21+H21-J21=0," ","error")
A23: A2 Receipts from asset & investment sales
A24: Proceeds from sale of fixed assets | J24: =H24+D24+B24+F24 -> 0
A25: Proceeds from sale of investments | J25: =H25+D25+B25+F25 -> 0
A26: A2 Sub total | B26: =SUM(B24:B25) -> 0 | D26: =SUM(D24:D25) -> 0 | F26: =SUM(F24:F25) -> 0 | H26: =SUM(H24:H25) -> 0 | J26: =SUM(J24:J25) -> 0 | L26: =SUM(L24:L25) -> 0
J27: =IF(B26+D26+F26+H26-J26=0," ","error")
A28: Total receipts | B28: =B26+B21 -> 38276 | D28: =D26+D21 -> 0 | F28: =F26+F21 -> 0 | H28: =H26+H21 -> 0 | J28: =J26+J21 -> 38276 | L28: =L26+L21 -> 41089
J29: =IF(B28+D28+H28-J28=0," ","error")
A30: A3 Payments
A31: Expenses for fundraising activities | J31: =H31+D31+B31+F31 -> 0
A32: Gross trading payments | J32: =H32+D32+B32+F32 -> 0
A33: Investment management costs | J33: =H33+D33+B33+F33 -> 0
A34: Payments relating directly to charitable activities | B34: 41047 | D34: 3000 | J34: =B34+D34 -> 44047 | L34: 38146
A35: Grants and donations | L35: 0
A36: Governance costs:
A37: Audit / independent examination
A38: Preparation of annual accounts
A39: Legal costs
A40: Other
A42: A3 Sub total | B42: =SUM(B31:B41) -> 41047 | D42: =SUM(D34:D41) -> 3000 | J42: =SUM(J31:J41) -> 44047 | L42: 38146
J43: =IF(B42+D42+F42+H42-J42=0," ","error")
A44: A4 Payments relating to asset and investment movements
A45: Purchases of fixed assets | J45: =H45+D45+F45+B45 -> 0
A46: Purchase of investments | J46: =H46+D46+F46+B46 -> 0
A47: A4 Sub total | B47: =SUM(B45:B46) -> 0 | D47: =SUM(D45:D46) -> 0 | F47: =SUM(F45:F46) -> 0 | H47: =SUM(H45:H46) -> 0 | J47: =SUM(J45:J46) -> 0 | L47: =SUM(L45:L46) -> 0
J48: =IF(B47+D47+F47+H47-J47=0," ","error")
A49: Total payments | B49: =+B47+B42 -> 41047 | D49: =+D47+D42 -> 3000 | F49: =+F47+F42 -> 0 | H49: =+H47+H42 -> 0 | J49: =+J47+J42 -> 44047 | L49: =+L47+L42 -> 38146
J50: =IF(B49+D49+F49+H49-J49=0," ","error")
A51: Net receipts / (payments) | B51: =B28-B42 -> -2771 | D51: =+D28-D49 -> -3000 | F51: =+F28-F49 -> 0 | H51: =+H28-H49 -> 0 | J51: =IF((B51+D51+F51+H51)=(+J28-J49),H51+F51+D51+B51,"Cross Add Error") -> -5771 | L51: =+L28-L49 -> 2943
A53: A5 Transfers to / (from) funds | J53: =IF(H53+F53+D53+B53=0,0,"Transfer error") -> 0
A55: Surplus / (deficit) for year | B55: =+B51+B53 -> -2771 | D55: =+D51+D53 -> -3000 | F55: =+F51+F53 -> 0 | H55: =+H51+H53 -> 0 | J55: =+J51+J53 -> -5771 | L55: =+L51+L53 -> 2943
J56: =IF(B55+D55+H55-J55=0," ","error")

Sheet Statement of balances
B1: High Blantyre Baptist Church | N1: SC052120
A2: Section B Statement of balances
A3: Categories | B3: Details | F3: Unrestricted funds | H3: Restricted funds | J3: Expendable endowment funds | L3: Permanent endowment funds | N3: Total current period | P3: Total last period
F4: to nearest £ | H4: to nearest £ | J4: to nearest £ | L4: to nearest £ | N4: to nearest £ | P4: to nearest £
A5: B1 Cash funds | B5: Cash and bank balances at start of year | F5: 3238 | H5: 3424 | N5: =SUM(F5:M5) -> 6662 | P5: 3719
B6: Surplus / (deficit) shown on receipts and payments account | F6: -2771 | H6: -3000 | N6: =SUM(F6:M6) -> -5771 | P6: 2943
B9: Cash and bank balances at end of year | F9: =SUM(F5:F8) -> 467 | H9: =SUM(H5:H8) -> 424 | N9: =SUM(F9:M9) -> 891 | P9: =P5+P6 -> 6662
B10: (Agree balances with receipts and payments account(s)) | F10: =F6-'R&P Accounts'!$B$55 -> 0 | H10: =H6-'R&P Accounts'!$D$55 -> 0 | J10: =J6-'R&P Accounts'!$F$55 -> 0 | L10: =L6-'R&P Accounts'!$H$55 -> 0 | N10: =N6-'R&P Accounts'!$J$55 -> 0 | P10: =P6-'R&P Accounts'!$L$55 -> 0
B12: Details | J12: Fund to which asset belongs | N12: Market valuation | P12: Last year
N13: to nearest £ | P13: to nearest £
A14: B2 Investments
L19: Total | N19: =SUM(N14:N18) -> 0 | P19: =SUM(P14:P18) -> 0
B21: Details | H21: Fund to which asset belongs | L21: Cost (if available) | N21: Current value (if available) | P21: Last year
L22: to nearest £ | N22: to nearest £ | P22: to nearest £
A23: B3 Other assets
J32: Total | L32: =SUM(L23:L31) -> 0 | N32: =SUM(N23:N31) -> 0 | P32: =SUM(P23:P31) -> 0
B34: Details | J34: Fund to which liability relates | N34: Amount due | P34: Last year
N35: to nearest £ | P35: to nearest £
A36: B4 Liabilities
L41: Total | N41: =SUM(N36:N40) -> 0 | P41: =SUM(P36:P40) -> 0
B43: Details | J43: Fund to which liability relates | N43: Amount due (estimate) | P43: Last year
N44: to nearest £ | P44: to nearest £
A45: B5 Contingent liabilities
L48: Total | N48: =SUM(N45:N47) -> 0 | P48: =SUM(P45:P47) -> 0
A50: Signed by one or two trustees on behalf of all the trustees | B50: Signature | H50: Print Name | P50: Date of approval
H51: Janet Young | P51: 46266

Sheet Notes
B1: High Blantyre Baptist Church | K1: SC052120
A3: Section C Notes to the Accounts
A5: C1 Nature and purpose of funds (may be stated on analysis of funds worksheets) | B5: Church accounts comprise of 2 funds
B6: General fund (unrestruicted) | D6: Most of income used to pay pastros salary and associated costs and general running expenses
B8: Designated fund (restricted) | D8: gifts given for specific purpose
B11: Type of activity or project supported | H11: Individual / institution | J11: Number of grants made | K11: £
A12: C2 Grants
B17: Total | K17: =SUM(K12:K16) -> 0
A19: C3a Trustee remuneration | B19: If no remuneration was paid during the period to any charity trustee or person connected to a trustee cross this box (otherwise complete section 3b) | K19: X
B22: Authority under which paid | K22: £
A23: C3b Trustee remuneration - details
A29: C4a Trustee expenses | B29: If no expenses were paid to any charity trustee during the period then cross this box (otherwise complete section 4b) | K29: X
J32: Number of trustees | K32: £
A33: C4b Trustee expenses - details
B39: Nature of relationship | F39: Nature of transaction | J39: Transaction amount (£) | K39: Balance outstanding at period end (£)
A40: C5 Transactions with trustees and connected persons
A46: C6 Other information

Sheet Additional notes (1)  
C1: ='R&P Accounts'!$B$2 -> High Blantyre Baptist Church | M1: SC052120
A3: Additional analysis (1)
A5: Analysis of receipts and payments
A7: 1 Donations
C8: Unrestricted funds | E8: Restricted funds | G8: Expendable endowment funds | I8: Permanent endowment funds | K8: Total current period | M8: Total last period
C9: to nearest £ | E9: to nearest £ | G9: to nearest £ | I9: to nearest £ | K9: to nearest £ | M9: to nearest £
A10: Offerings | C10: 35801 | E10: 0 | K10: =SUM(C10:J10) -> 35801 | M10: 37054
A11: Donations | C11: 1700 | E11: 0 | K11: =SUM(C11:J11) -> 1700 | M11: 3500
A14: Total | C14: =SUM(C10:C13) -> 37501 | E14: =SUM(E10:E13) -> 0 | K14: =SUM(C14:J14) -> 37501 | M14: =SUM(M10:M13) -> 40554
C16: =IF('R&P Accounts'!$B$12-'Additional notes (1) '!$C$14=0,0,"reference error") -> 0 | E16: =IF('R&P Accounts'!$D$12-'Additional notes (1) '!$E$14=0,0,"reference error") -> 0 | F16: =IF('R&P Accounts'!$E$12-'Additional notes (1) '!$F$14=0,0,"reference error") -> 0 | G16: =IF('R&P Accounts'!$F$12-'Additional notes (1) '!$G$14=0,0,"reference error") -> 0 | H16: =IF('R&P Accounts'!$G$12-'Additional notes (1) '!$H$14=0,0,"reference error") -> 0 | I16: =IF('R&P Accounts'!$H$12-'Additional notes (1) '!$I$14=0,0,"reference error") -> 0 | J16: =IF('R&P Accounts'!$I$12-'Additional notes (1) '!$J$14=0,0,"reference error") -> 0 | K16: =IF('R&P Accounts'!$J$12-'Additional notes (1) '!$K$14=0,0,"reference error") -> 0 | L16: =IF('R&P Accounts'!$K$12-'Additional notes (1) '!$L$14=0,0,"reference error") -> 0 | M16: =IF('R&P Accounts'!$L$12-'Additional notes (1) '!$M$14=0,0,"reference error") -> 0
A18: 2 Grants
C19: Unrestricted funds | E19: Restricted funds | K19: Total current period | M19: Total last period
C20: to nearest £ | E20: to nearest £ | K20: to nearest £ | M20: to nearest £
C21: 0 | E21: 0 | M21: 0
K22: =SUM(C22:I22) -> 0
K23: =SUM(C23:I23) -> 0
K24: =SUM(C24:I24) -> 0
A25: Total | C25: =SUM(C21:C24) -> 0 | E25: =SUM(E21:E24) -> 0 | K25: =SUM(K21:K24) -> 0 | M25: =SUM(M21:M24) -> 0
C27: =IF('R&P Accounts'!$B$14-'Additional notes (1) '!$C$25=0,0,"reference error") -> 0 | E27: =IF('R&P Accounts'!$D$14-'Additional notes (1) '!$E$25=0,0,"reference error") -> 0 | F27: =IF('R&P Accounts'!$E$14-'Additional notes (1) '!$F$25=0,0,"reference error") -> 0 | J27: =IF('R&P Accounts'!$I$14-'Additional notes (1) '!$J$25=0,0,"reference error") -> 0 | K27: =IF('R&P Accounts'!$J$14-'Additional notes (1) '!$K$25=0,0,"reference error") -> 0 | L27: =IF('R&P Accounts'!$K$14-'Additional notes (1) '!$L$25=0,0,"reference error") -> 0 | M27: =IF('R&P Accounts'!$L$14-'Additional notes (1) '!$M$25=0,0,"reference error") -> 0
A29: 3 Gross receipts from other charitable activities
C30: Unrestricted funds | E30: Restricted funds | G30: Expendable endowment funds | I30: Permanent endowment funds | K30: Total current period | M30: Total last period
C31: to nearest £ | E31: to nearest £ | G31: to nearest £ | I31: to nearest £ | K31: to nearest £ | M31: to nearest £
E32: 0 | K32: =SUM(C32:J32) -> 0 | M32: 0
A33: Sundry Income | C33: 775 | E33: 0 | K33: 775 | M33: 535
A40: Total | C40: =SUM(C32:C39) -> 775 | K40: =SUM(K32:K39) -> 775 | M40: =SUM(M32:M39) -> 535
C42: =IF(C40-'R&P Accounts'!$B$19=0,0,"reference error") -> 0 | E42: =IF(E40-'R&P Accounts'!$D$19=0,0,"reference error") -> 0 | G42: =IF(G40-'R&P Accounts'!$F$19=0,0,"reference error") -> 0 | I42: =IF(I40-'R&P Accounts'!$H$19=0,0,"reference error") -> 0 | K42: =IF(K40-'R&P Accounts'!$J$19=0,0,"reference error") -> 0 | M42: =IF(M40-'R&P Accounts'!$L$19=0,0,"reference error") -> 0
A44: 4 Payments relating directly to charitable activities
C45: Unrestricted funds | E45: Restricted funds | G45: Expendable endowment funds | I45: Permanent endowment funds | K45: Total current period | M45: Total last period
C46: to nearest £ | E46: to nearest £ | G46: to nearest £ | I46: to nearest £ | K46: to nearest £ | M46: to nearest £
A47: PASTOR'S SALARY | C47: 14280 | K47: =SUM(C47:J47) -> 14280 | M47: 13740
A48: NATIONAL INSURANCE & TAX | C48: 7838 | K48: =SUM(C48:J48) -> 7838 | M48: 5431
A49: CAR ALLOWANCE AND MILEAGE | C49: 2678 | K49: =SUM(C49:J49) -> 2678 | M49: 2881
A50: UTILITIES CHURCH | C50: 2358 | K50: =SUM(C50:J50) -> 2358 | M50: 1979
A51: MANSE PHONE | C51: 336 | K51: =SUM(C51:J51) -> 336 | M51: 312
A52: SLC MANSE | C52: 1966 | K52: =SUM(C52:J52) -> 1966 | M52: 1843
A53: EVANGELISM | K53: =SUM(C53:J53) -> 0 | M53: 0
A54: BOOK ALLOWANCE | C54: 100 | K54: =SUM(C54:J54) -> 100 | M54: 100
A55: INSURANCE CHURCH/MANSE | C55: 1792 | K55: =SUM(C55:J55) -> 1792 | M55: 1633
A56: PENSION FUND | C56: 5328 | K56: =SUM(C56:J56) -> 5328 | M56: 5096
A57: MISCELLANEOUS | C57: 4371 | K57: =SUM(C57:J57) -> 4371 | M57: 5131
A58: DESIGNATED FUND | E58: 3000 | K58: =E58 -> 3000 | M58: 0
A59: BMS | K59: =C59 -> 0
C61: =SUM(C47:C60) -> 41047 | E61: =E58 -> 3000 | K61: =SUM(K47:K60) -> 44047 | M61: =SUM(M47:M60) -> 38146
C63: =IF(C61-'R&P Accounts'!$B$34=0,0,"reference error") -> 0 | E63: =IF(E61-'R&P Accounts'!$D$34=0,0,"reference error") -> 0 | G63: =IF(G61-'R&P Accounts'!$F$34=0,0,"reference error") -> 0 | I63: =IF(I61-'R&P Accounts'!$H$34=0,0,"reference error") -> 0 | K63: =IF(K61-'R&P Accounts'!$J$34=0,0,"reference error") -> 0 | M63: =IF(M61-'R&P Accounts'!$L$34=0,0,"reference error") -> 0

Sheet Additional notes (2)
C1: High Blantyre Baptist Church | M1: SC052120
A3: Additional analysis (2)
A5: 5 Breakdown of unrestricted funds
C6: Unrestricted fund 1 - enter name of fund below | E6: Unrestricted fund 2 - enter name of fund below | G6: Unrestricted fund 3 - enter name of fund below | I6: Unrestricted fund 4 - enter name of fund below
C7: General Fund | K7: Total unrestricted funds | M7: Total unrestricted funds last period
A8: Receipts
A9: Donations | C9: 37501 | K9: =SUM(C9:J9) -> 37501 | M9: 40554
A10: Legacies
A11: Grants
A12: Receipts from fundraising activities
A13: Gross trading receipts
A14: Income from investments other than land and buildings
A15: Rents from land & buildings
A16: Gross receipts from other charitable activities | C16: 775 | K16: =SUM(C16:J16) -> 775 | M16: 535
A17: Sub total | C17: =SUM(C9:C16) -> 38276 | K17: =SUM(K9:K16) -> 38276 | M17: =SUM(M9:M16) -> 41089
K18: =IF(K17='R&P Accounts'!$B$21,0,"cross ref error") -> 0
A19: Receipts from asset & investment sales
A20: Proceeds from sale of fixed assets | K20: =SUM(C20:I20) -> 0
A21: Proceeds from sale of investments | K21: =SUM(C21:I21) -> 0
A22: Sub total | C22: =SUM(C20:C21) -> 0 | E22: =SUM(E20:E21) -> 0 | G22: =SUM(G20:G21) -> 0 | I22: =SUM(I20:I21) -> 0 | K22: =SUM(K20:K21) -> 0 | M22: =SUM(M20:M21) -> 0
A24: Total receipts | C24: =C17+C22 -> 38276 | E24: =E17+E22 -> 0 | G24: =G17+G22 -> 0 | I24: =I17+I22 -> 0 | K24: =K17+K22 -> 38276 | M24: =M17+M22 -> 41089
K25: =IF(K24='R&P Accounts'!$B$28,0,"cross ref error") -> 0
A27: Payments
A28: Expenses for fundraising activities | K28: =SUM(C28:I28) -> 0
A29: Gross trading payments | K29: =SUM(C29:I29) -> 0
A30: Investment management costs | K30: =SUM(C30:I30) -> 0
A31: Payments relating directly to charitable activities | C31: 41047 | K31: =SUM(C31:I31) -> 41047 | M31: 47633
A32: Grants and donations | K32: =SUM(C32:I32) -> 0 | M32: 0
A33: Governance costs: | K33: =SUM(C33:I33) -> 0
A34: Audit / independent examination | C34: 0 | K34: =SUM(C34:I34) -> 0
A35: Preparation of annual accounts | C35: 0 | K35: =SUM(C35:I35) -> 0
A36: Legal costs | C36: 0 | K36: =SUM(C36:I36) -> 0
K37: =SUM(C37:I37) -> 0
K38: =SUM(C38:I38) -> 0
A39: Sub total | C39: =SUM(C28:C38) -> 41047 | E39: =SUM(E28:E38) -> 0 | G39: =SUM(G28:G38) -> 0 | I39: =SUM(I28:I38) -> 0 | K39: =SUM(K28:K38) -> 41047 | M39: =SUM(M28:M38) -> 47633
K40: =IF(K39='R&P Accounts'!$B$42,0,"cross ref error") -> 0
A41: Payments relating to asset and investment movements
A42: Purchases of fixed assets | K42: =SUM(C42:I42) -> 0
A43: Purchase of investments | K43: =SUM(C43:I43) -> 0
A44: Sub total | C44: =C42+C43 -> 0 | E44: =E42+E43 -> 0 | G44: =G42+G43 -> 0 | I44: =I42+I43 -> 0 | K44: =K42+K43 -> 0 | M44: =M42+M43 -> 0
K45: =IF(K44='R&P Accounts'!$B$47,0,"cross ref error") -> 0
A46: Total payments | C46: =+C44+C39 -> 41047 | E46: =+E44+E39 -> 0 | G46: =+G44+G39 -> 0 | I46: =+I44+I39 -> 0 | K46: =+K44+K39 -> 41047 | M46: 38146
K47: =IF(K46='R&P Accounts'!$B$49,0,"cross ref error") -> 0
A48: Net receipts / (payments) | C48: =+C24-C46 -> -2771 | E48: =+E24-E46 -> 0 | G48: =+G24-G46 -> 0 | I48: =+I24-I46 -> 0 | K48: =+K24-K46 -> -2771 | M48: =+M24-M46 -> 2943
A50: Transfers to / (from) funds | K50: =SUM(C50:I50) -> 0
A52: Surplus / (deficit) for year | C52: =C48+C50 -> -2771 | E52: =E48+E50 -> 0 | G52: =G48+G50 -> 0 | I52: =I48+I50 -> 0 | K52: =K48+K50 -> -2771 | M52: =M48+M50 -> 2943
K53: =IF(K52='R&P Accounts'!$B$55,0,"cross ref error") -> 0
A55: Nature and purpose of funds
A56: General Fund: all income from offerings, gift aid, donations, grants and other activities. This fund is used to pay Pastor's salary and associated costs, and general running expenses of Church

Sheet Additional notes (3)
C1: ='R&P Accounts'!$B$2 -> High Blantyre Baptist Church | M1: SC052120
A3: Additional analysis (3)
A5: 6 Breakdown of restricted funds
C6: Restricted fund 1 - enter name of fund below | E6: Restricted fund 2 - enter name of fund below | G6: Restricted fund 3 - enter name of fund below | I6: Restricted fund 4 - enter name of fund below
C7: Designated Fund | K7: Total restricted funds | M7: Total restricted funds last period
A8: Receipts
A9: Donations | C9: 0 | E9: 0 | K9: =SUM(C9:I9) -> 0 | M9: 3500
A10: Legacies | K10: =SUM(C10:I10) -> 0
A11: Grants | K11: =SUM(C11:I11) -> 0 | M11: 0
A12: Receipts from fundraising activities | K12: =SUM(C12:I12) -> 0
A13: Gross trading receipts | K13: =SUM(C13:I13) -> 0
A14: Income from investments other than land and buildings | K14: =SUM(C14:I14) -> 0
A15: Rents from land & buildings | K15: =SUM(C15:I15) -> 0
A16: Gross receipts from other charitable activities | K16: =SUM(C16:I16) -> 0
A17: Sub total | C17: =SUM(C9:C16) -> 0 | E17: =SUM(E9:E16) -> 0 | G17: =SUM(G9:G16) -> 0 | I17: =SUM(I9:I16) -> 0 | K17: =SUM(K9:K16) -> 0 | M17: =SUM(M9:M16) -> 3500
K18: =IF(K17='R&P Accounts'!$D$21,0,"cross ref error") -> 0
A19: Receipts from asset & investment sales
A20: Proceeds from sale of fixed assets | K20: =SUM(C20:I20) -> 0
A21: Proceeds from sale of investments | K21: =SUM(C21:I21) -> 0
A22: Sub total | C22: =SUM(C20:C21) -> 0 | E22: =SUM(E20:E21) -> 0 | G22: =SUM(G20:G21) -> 0 | I22: =SUM(I20:I21) -> 0 | K22: =SUM(K20:K21) -> 0 | M22: =SUM(M20:M21) -> 0
A24: Total receipts | C24: =C17+C22 -> 0 | E24: =E17+E22 -> 0 | G24: =G17+G22 -> 0 | I24: =I17+I22 -> 0 | K24: =K17+K22 -> 0 | M24: =M17+M22 -> 3500
K25: =IF(K24='R&P Accounts'!$D$28,0,"cross ref error") -> 0
A27: Payments
A28: Expenses for fundraising activities | K28: =SUM(C28:I28) -> 0
A29: Gross trading payments | K29: =SUM(C29:I29) -> 0
A30: Investment management costs | K30: =SUM(C30:I30) -> 0
A31: Payments relating directly to charitable activities | C31: 3000 | E31: 0 | K31: =SUM(C31:I31) -> 3000 | M31: 0
A32: Grants and donations | K32: =SUM(C32:I32) -> 0
A33: Governance costs: | K33: =SUM(C33:I33) -> 0
A34: Audit / independent examination | C34: 0 | K34: =SUM(C34:I34) -> 0
A35: Preparation of annual accounts | C35: 0 | K35: =SUM(C35:I35) -> 0
A36: Legal costs | C36: 0 | K36: =SUM(C36:I36) -> 0
K37: =SUM(C37:I37) -> 0
K38: =SUM(C38:I38) -> 0
A39: Sub total | C39: =SUM(C28:C38) -> 3000 | E39: =SUM(E28:E38) -> 0 | G39: =SUM(G28:G38) -> 0 | I39: =SUM(I28:I38) -> 0 | K39: =SUM(K28:K38) -> 3000 | M39: =SUM(M28:M38) -> 0
K40: =IF(K39='R&P Accounts'!$D$42,0,"cross ref error") -> 0
A41: Payments relating to asset and investment movements
A42: Purchases of fixed assets | K42: =SUM(C42:I42) -> 0
A43: Purchase of investments | K43: =SUM(C43:I43) -> 0
A44: Sub total | C44: =C42+C43 -> 0 | E44: =E42+E43 -> 0 | G44: =G42+G43 -> 0 | I44: =I42+I43 -> 0 | K44: =K42+K43 -> 0 | M44: =M42+M43 -> 0
K45: =IF(K44='R&P Accounts'!$D$47,0,"cross ref error") -> 0
A46: Total payments | C46: =+C44+C39 -> 3000 | E46: =+E44+E39 -> 0 | G46: =+G44+G39 -> 0 | I46: =+I44+I39 -> 0 | K46: =+K44+K39 -> 3000 | M46: =+M44+M39 -> 0
K47: =IF(K46='R&P Accounts'!$D$49,0,"cross ref error") -> 0
A48: Net receipts / (payments) | C48: =+C24-C46 -> -3000 | E48: =+E24-E46 -> 0 | G48: =+G24-G46 -> 0 | I48: =+I24-I46 -> 0 | K48: =+K24-K46 -> -3000 | M48: =+M24-M46 -> 3500
A50: Transfers to / (from) funds | K50: =SUM(C50:I50) -> 0
A52: Surplus / (deficit) for year | C52: =C48+C50 -> -3000 | E52: =E48+E50 -> 0 | G52: =G48+G50 -> 0 | I52: =I48+I50 -> 0 | K52: =K48+K50 -> -3000 | M52: =M48+M50 -> 3500
K53: =IF(K52='R&P Accounts'!$D$55,0,"cross ref error") -> 0
A55: Nature and purpose of funds
A56: Designated Fund: money given for specific purpose eg kitchen refurb, cost to change to SCIO
